 Dungeon Crawl Stone Soup version 0.26-a0-1184-g95e395e029 (webtiles) character file.

Game seed: 813287197186407111

40336 tatocazan the Severer (level 13, -15/107 HPs)
             Began as a Minotaur Fighter on Dec 23, 2020.
             Was a Follower of Uskayaw.
             Demolished by a minotaur
             ... wielding a +2 vorpal hand axe
              (30 damage)
             ... in a Gauntlet on Dec 27, 2020.
             The game lasted 00:41:30 (18315 turns).

tatocazan the Severer (Minotaur Fighter)           Turns: 18315, Time: 00:41:31

Health: -15/107    AC: 19    Str: 27    XL:     13   Next: 74%
Magic:  15/18      EV: 15    Int:  5    God:    Uskayaw [*.....]
Gold:   1258       SH: 14    Dex: 13    Spells: 12/12 levels left

rFire    . . .     SeeInvis .   w - +1 war axe (flame)
rCold    . . .     Faith    .   c - +1 kite shield
rNeg     . . .     Spirit   .   n - +0 plate armour
rPois    +         Reflect  .   (helmet restricted)
rElec    .         Harm     .   i - +2 cloak {rPois}
rCorr    .         Rampage  .   (no gloves)
Will     +....     Clarity  +   S - +0 pair of boots {Stlth+} Stlth ..........NoTele +
                                t - amulet of the acrobat
HPRegen  0.27/turn              B - ring of Cyaxuimot {+Inv EV+4 Dex+2}
MPRegen  0.16/turn              M - ring of willpower

@: hasted, very quick
A: retaliatory headbutt, horns 2, clarity, frail 1, strong 1
a: Renounce Religion, Evoke Invisibility, Stomp


You were in a Gauntlet.
You worshipped Uskayaw.
Uskayaw was aware of your devotion.
You visited 4 branches of the dungeon, and saw 18 of its levels.
You also visited: Gauntlet.

You collected 1318 gold pieces.
You spent 60 gold pieces at shops.

Inventory:

Hand Weapons
 a - a +2 vorpal war axe
 w - a +1 war axe of flaming (weapon)
Missiles
 d - 48 boomerangs (quivered)
 C - 8 throwing nets
Armour
 c - a +1 kite shield (worn)
 i - a +2 cloak of poison resistance (worn)
 n - a +0 plate armour (worn)
 S - a +0 pair of boots of stealth (worn)
Jewellery
 m - an uncursed ring of protection from cold {unknown}
 t - an amulet of the acrobat (around neck)
 v - an uncursed ring of see invisible
 A - a cursed amulet of inaccuracy {unknown}
 B - the ring of Cyaxuimot (left hand) {+Inv EV+4 Dex+2}
   (You found it on level 8 of the Dungeon)

   [ring of evasion]

   It affects your evasion (+4).
   It affects your dexterity (+2).
   It lets you turn invisible.
 M - a ring of willpower (right hand)
Wands
 b - a wand of random effects (20)
 f - a wand of paralysis (14)
 D - a wand of acid (5)
 H - a wand of polymorph (7)
 O - a wand of iceblast (9)
 R - a wand of disintegration (12)
Scrolls
 e - 2 scrolls of identify
 g - 7 scrolls of remove curse
 j - 4 scrolls of immolation
 k - a scroll of enchant armour
 l - 3 scrolls of blinking
 p - 4 scrolls of fear
 q - 6 scrolls of teleportation
 r - a scroll of torment {unknown}
 x - 4 scrolls of magic mapping
 y - a scroll of enchant weapon
 G - 2 scrolls of noise {unknown}
 K - 2 scrolls of vulnerability {unknown}
 L - 2 scrolls of amnesia
 P - a scroll of fog
Potions
 h - 2 potions of attraction
 o - 3 potions of brilliance
 s - 2 potions of mutation
 u - 2 potions of flight
 z - 3 potions of magic
 F - 2 potions of haste
 I - 3 potions of curing
 J - 2 potions of cancellation


   Skills:
 * Level 12.5 Fighting
 - Level 16.0 Axes
 + Level 10.6 Armour
 * Level 8.6 Dodging
 + Level 10.9 Shields
 * Level 8.5 Invocations
 * Level 2.2 Evocations


You had 12 spell levels left.
You didn't know any spells.
Your spell library contained the following spells:

 Spells                   Type           Power        Failure   Level
 Corona                   Hex            0%           100%        1
 Magic Dart               Conj           0%           100%        1
 Sandblast                Erth           0%           100%        1
 Sting                    Tmut/Pois      0%           100%        1
 Blink                    Tloc           N/A          100%        2
 Call Imp                 Summ           0%           100%        2
 Corpse Rot               Necr/Air       N/A          100%        2
 Ensorcelled Hibernation  Hex/Ice        0%           100%        2
 Passwall                 Tmut/Erth      0%           100%        2
 Poisonous Vapours        Pois/Air       0%           100%        2
 Searing Ray              Conj           0%           100%        2
 Slow                     Hex            0%           100%        2
 Sublimation of Blood     Necr           0%           100%        2
 Confusing Touch          Hex            0%           100%        3
 Conjure Flame            Conj/Fire      0%           100%        3
 Dazzling Flash           Conj/Hex       0%           100%        3
 Frozen Ramparts          Ice            0%           100%        3
 Ignite Poison            Fire/Tmut/Pois 0%           100%        3
 Inner Flame              Hex/Fire       0%           100%        3
 Mephitic Cloud           Conj/Pois/Air  0%           100%        3
 Portal Projectile        Hex/Tloc       0%           100%        3
 Stone Arrow              Conj/Erth      0%           100%        3
 Tukima's Dance           Hex            0%           100%        3
 Vampiric Draining        Necr           0%           100%        3
 Cause Fear               Hex            0%           100%        4
 Fulminant Prism          Conj/Hex       0%           100%        4
 Hailstorm                Conj/Ice       0%           100%        4
 Iskenderun's Mystic Bla  Conj/Tloc      0%           100%        4
 Leda's Liquefaction      Hex/Erth       0%           100%        4
 Olgreb's Toxic Radiance  Pois           0%           100%        4
 Petrify                  Tmut/Erth      0%           100%        4
 Lee's Rapid Deconstruct  Erth           0%           100%        5


Dungeon Overview and Level Annotations

Branches:
Dungeon (10/15)            Temple (1/1) D:5            Lair (5/6) D:8
  Swamp (0/4) Lair:4       Spider (0/4) Lair:3        Slime (0/5) Lair:5
    Orc (2/2) D:10            Elf (0/3) Orc:2       Gauntlet (1/1)

Altars:
Dithmenos
Fedhas
Kikubaaqudgha
Trog
Uskayaw
Zin
Beogh

Shops:
Orc:2 }[[[*

Annotations:
D:9 2 transporters Gauntlet 12 transporters, exclusion: lightning spire


Innate Abilities, Weirdness & Mutations

You reflexively headbutt those who attack you in melee.
You have a pair of horns on your head.
You possess an exceptional clarity of mind.
You are frail. (-10% HP)
Your muscles are strong. (Str +2)


Message History

The minotaur blocks your attack.
The minotaur is heavily wounded.
The minotaur blocks your attack.
The minotaur is heavily wounded.
The minotaur hits you but does no damage.
The minotaur gores you! The minotaur blocks your attack.
You headbutt the minotaur!
The minotaur is severely wounded.
The minotaur blocks your attack.
The minotaur is severely wounded.
You hit the minotaur but do no damage. You headbutt the minotaur.
The minotaur is severely wounded.
The minotaur hits you with a +2 vorpal hand axe!!
* * * LOW HITPOINT WARNING * * *
x2 The minotaur misses you.
You stomp with the beat, sending a shockwave through the revellers around you!
The minotaur is severely wounded.
You can no longer pass through a line of other dancers.
The minotaur hits you with a +2 vorpal hand axe!!
You die...

######### #.......#
#.#####.# #.#.H.#.#
#.# #@#.# #.# #.#.#
#.# #.#.# #.###.#.#
#.....#.# #######.#
#..!..# #.#####
#########.#########


You could see a minotaur.

Vanquished Creatures
  Snorg (Orc:2)
  Harold (Lair:1)
  A catoblepas (Lair:3)
  A ghost crab (Gauntlet)
  3 hydras
  3 two-headed ogres
  Erica (Lair:2)
  An orc high priest (D:10)
  2 bog bodies (Lair:4)
  An oklob plant (Gauntlet)
  6 orc knights
  An ugly thing (D:9)
  6 elephants (Lair:3)
  Joseph (D:8)
  Maurice (Orc:2)
  2 black mambas (Lair:2)
  A torpor snail (Gauntlet)
  7 cane toads
  2 rime drakes
  7 komodo dragons
  5 polar bears (Lair:1)
  Prince Ribbit (D:8)
  2 jumping spiders (Lair:3)
  9 blink frogs
  A redback (Lair:3)
  4 wyverns
  2 basilisks
  13 yaks
  A steam dragon (D:10)
  12 wargs
  2 acid dragons (Gauntlet)
  21 water moccasins
  3 sky beasts
  A black bear (Lair:2)
  An ice beast (D:9)
  2 phantoms
  33 orc warriors
  17 wolves
  9 ogres
  3 big kobolds
  17 bullfrogs
  2 gnoll sergeants
  5 scorpions
  5 killer bees (D:9)
  7 wights
  2 electric eels (Lair:3)
  A bullfrog zombie (D:7)
  5 hounds
  A centaur zombie (D:7)
  5 jellies
  6 orc priests
  Crazy Yiuf (D:6)
  A gnoll shaman (D:5)
  2 bullfrog skeletons
  A centaur skeleton (D:3)
  8 iguanas
  10 orc wizards
  5 worker ants
  3 killer bee zombies
  A hound zombie (D:8)
  A hound skeleton (D:6)
  A worker ant zombie (D:5)
  26 gnolls
  10 adders
  A howler monkey skeleton (D:6)
  2 white imps
  An ufetubus (D:8)
  3 oozes
  An adder zombie (D:7)
  2 adder skeletons
  2 worms
  A dart slug (D:3)
  4 leopard geckos
  73 orcs
  6 giant cockroaches
  7 goblins
  7 hobgoblins
  4 jackals (D:2)
  5 quokkas
  14 bats
  4 frilled lizards
  A jackal zombie (D:8)
  24 kobolds
  A leopard gecko skeleton (D:6)
  A leopard gecko zombie (D:5)
  A quokka skeleton (D:6)
  A quokka zombie (D:6)
  11 rats
  A bush (D:1)
495 creatures vanquished.

Vanquished Creatures (others)
  A bush (D:8)
  25 fungi
  48 plants
  36 withered plants (Gauntlet)
110 creatures vanquished.

Grand Total: 605 creatures vanquished

Notes
Turn   | Place    | Note
-------+----------+-------------------------------------------
     0 | D:1      | tatocazan the Minotaur Fighter began the quest for the Orb.
     0 | D:1      | Reached XP level 1. HP: 19/19 MP: 0/0
   275 | D:1      | Reached XP level 2. HP: 27/27 MP: 1/1
   607 | D:1      | Reached skill level 3 in Axes
  1081 | D:2      | Reached XP level 3. HP: 33/33 MP: 2/2
  2230 | D:3      | Reached XP level 4. HP: 32/40 MP: 3/3
  2432 | D:3      | Upgraded the game from 0.26-a0-1147-g3780a7a11b to
                  | 0.26-a0-1184-g95e395e029
  2501 | D:3      | Reached skill level 4 in Axes
  2639 | D:3      | Reached XP level 5. HP: 43/47 MP: 4/4
  2658 | D:3      | Reached skill level 5 in Axes
  3343 | D:4      | Noticed an ogre
  3355 | D:4      | Killed an ogre
  3356 | D:4      | Reached XP level 6. HP: 20/53 MP: 5/5
  3373 | D:4      | Reached skill level 6 in Axes
  3373 | D:4      | Reached skill level 5 in Armour
  3373 | D:4      | Reached skill level 1 in Dodging
  3373 | D:4      | Reached skill level 5 in Shields
  3934 | D:4      | Found a blossoming altar of Fedhas.
  3991 | D:4      | Identified the Grimoire of Necromancy and Ice
  4013 | D:4      | Reached XP level 7. HP: 49/60 MP: 6/6
  4304 | D:5      | Entered Level 5 of the Dungeon
  4356 | D:5      | Reached skill level 7 in Axes
  4466 | D:5      | Found a staircase to the Ecumenical Temple.
  4481 | Temple   | Entered the Ecumenical Temple
  4485 | Temple   | Became a worshipper of Uskayaw the Reveller
  4497 | D:5      | Reached * piety under Uskayaw
  4501 | D:5      | Reached ** piety under Uskayaw
  4717 | D:5      | Reached *** piety under Uskayaw
  4718 | D:5      | Reached **** piety under Uskayaw
  4887 | D:5      | Reached skill level 8 in Axes
  5100 | D:5      | Reached skill level 5 in Fighting
  5100 | D:5      | Reached XP level 8. HP: 53/68 MP: 7/7
  5600 | D:6      | Reached skill level 1 in Invocations
  5764 | D:6      | Found a runed translucent door.
  5765 | D:6      | Noticed Crazy Yiuf
  5780 | D:6      | Killed Crazy Yiuf
  5781 | D:6      | Reached skill level 9 in Axes
  6074 | D:7      | Reached ***** piety under Uskayaw
  6362 | D:7      | Gained mutation: You possess an exceptional clarity of
                  | mind. [potion of mutation]
  6362 | D:7      | Gained mutation: You are frail. (-10% HP) [potion of
                  | mutation]
  6362 | D:7      | Gained mutation: Your muscles are strong. (Str +2) [potion
                  | of mutation]
  6392 | D:7      | Reached skill level 10 in Axes
  6667 | D:8      | Reached XP level 9. HP: 67/67 MP: 9/9
  6728 | D:8      | Reached skill level 11 in Axes
  6731 | D:8      | Found a staircase to the Lair.
  6739 | D:8      | Noticed Prince Ribbit
  6747 | D:8      | HP: 1/67 [yak (6)]
  7128 | D:8      | Killed Prince Ribbit
  7290 | D:8      | Got a brightly glowing brass ring
  7347 | D:8      | Reached skill level 12 in Axes
  7362 | D:8      | Lost intelligence.
  7362 | D:8      | Identified the ring of Duadghogo {*Tele Int-5 Dex+4 SInv}
                  | (You found it on level 8 of the Dungeon)
  7499 | D:8      | Reached XP level 10. HP: 63/75 MP: 11/11
  7732 | D:8      | Got a sparkling jade ring
  7733 | D:8      | Identified the ring of Cyaxuimot {+Inv EV+4 Dex+2} (You
                  | found it on level 8 of the Dungeon)
  7776 | D:8      | Noticed a two-headed ogre
  7782 | D:8      | Killed a two-headed ogre
  7841 | D:8      | Noticed Joseph
  7859 | D:8      | Killed Joseph
  8168 | D:8      | Noticed a two-headed ogre
  8310 | D:9      | Found a transporter.
  8320 | D:9      | Found a transporter.
  8320 | D:9      | Noticed a boulder beetle
  8349 | D:9      | Reached skill level 13 in Axes
  8383 | D:9      | Noticed a green ugly thing
  8394 | D:9      | Killed a green ugly thing
  8565 | D:9      | Reached skill level 5 in Invocations
  8714 | D:9      | Found a bloodstained altar of Trog.
  8785 | D:10     | Entered Level 10 of the Dungeon
  9090 | D:10     | Noticed a two-headed ogre
  9101 | D:10     | Killed a two-headed ogre
  9102 | D:10     | Reached XP level 11. HP: 75/82 MP: 12/14
  9335 | D:10     | Found a staircase to the Orcish Mines.
  9510 | Orc:1    | Entered Level 1 of the Orcish Mines
  9510 | Orc:1    | Noticed an orc knight
  9519 | Orc:1    | Noticed an orc high priest
  9535 | D:10     | Reached ****** piety under Uskayaw
  9537 | D:10     | Reached skill level 14 in Axes
  9543 | D:10     | Killed an orc high priest
 10321 | D:10     | Killed an orc knight
 10519 | Orc:1    | Found a roughly hewn altar of Beogh.
 10645 | Orc:2    | Entered Level 2 of the Orcish Mines
 10664 | Orc:2    | Noticed Maurice
 10666 | Orc:2    | Found Ylip's Gadget Boutique.
 10675 | Orc:2    | Killed Maurice
 10905 | Orc:2    | Noticed an orc knight
 10911 | Orc:2    | Reached skill level 5 in Dodging
 10911 | Orc:2    | Reached skill level 1 in Evocations
 10917 | Orc:2    | Killed an orc knight
 10920 | Orc:2    | Noticed an orc knight
 10941 | Orc:2    | Killed an orc knight
 11211 | Orc:2    | Found Viybrywn's Armour Boutique.
 11211 | Orc:2    | Found Wotunax's General Store.
 11211 | Orc:2    | Noticed an orc knight
 11226 | Orc:2    | Killed an orc knight
 11278 | Orc:2    | Bought a potion of curing for 30 gold pieces
 11278 | Orc:2    | Bought a potion of curing for 30 gold pieces
 11389 | Orc:2    | Reached skill level 15 in Axes
 11656 | Orc:2    | Noticed Snorg
 11665 | Orc:2    | Killed Snorg
 11721 | Orc:2    | Found a staircase to the Elven Halls.
 11790 | Orc:2    | Found Ocotria's Armour Emporium.
 11792 | Orc:2    | Found Qaan's Armour Boutique.
 11793 | Orc:2    | Noticed an orc knight
 11797 | Orc:2    | Reached XP level 12. HP: 93/93 MP: 15/15
 11964 | Orc:2    | Found a roughly hewn altar of Beogh.
 12329 | D:8      | Killed a two-headed ogre
 12574 | Lair:1   | Entered Level 1 of the Lair of Beasts
 12803 | Lair:1   | Noticed Harold
 12806 | Lair:1   | Reached skill level 10 in Fighting
 12821 | Lair:1   | Killed Harold
 12822 | Lair:1   | Reached skill level 16 in Axes
 12988 | Lair:1   | Noticed a seven-headed hydra
 12996 | Lair:1   | Killed a five-headed hydra
 13946 | Lair:2   | Noticed Erica
 13955 | Lair:2   | Killed Erica
 13996 | Lair:2   | Reached skill level 10 in Shields
 14278 | Lair:2   | Reached XP level 13. HP: 102/102 MP: 17/17
 14509 | Lair:3   | Found a hole to the Spider Nest.
 16180 | Lair:3   | Reached skill level 10 in Armour
 17155 | Lair:4   | Found a staircase to the Swamp.
 17692 | Lair:5   | Found a gate leading to a gauntlet.
 17701 | Gauntlet | Entered a Gauntlet
 17701 | Gauntlet | Found a transporter.
 17711 | Gauntlet | Found a transporter.
 17726 | Gauntlet | Found a transporter.
 17731 | Gauntlet | Found a transporter.
 17752 | Gauntlet | Found a transporter.
 17765 | Gauntlet | Found a transporter.
 17777 | Gauntlet | Found a transporter.
 17789 | Gauntlet | Found a transporter.
 17795 | Gauntlet | Found a transporter.
 17795 | Gauntlet | Found a transporter.
 17810 | Gauntlet | Found a transporter.
 17816 | Gauntlet | Found a transporter.
 17831 | Gauntlet | Found a transporter.
 17837 | Gauntlet | Found a transporter.
 17837 | Gauntlet | Noticed a green death
 17876 | Gauntlet | Found a transporter.
 17901 | Gauntlet | Found a transporter.
 17903 | Gauntlet | Found a transporter.
 17923 | Gauntlet | Found a transporter.
 18257 | Gauntlet | Got a smoking marble ring
 18258 | Gauntlet | Identified the ring of the Echidna {*Tele Will- Str-3 Int+6
                  | SInv} (You found it in a Gauntlet)
 18299 | Gauntlet | Noticed a minotaur
 18315 | Gauntlet | Demolished by a minotaur

Illustrated notes

Levels and vault maps discovered:
D:1:      tarquinn_simple_flora_water_b, layout_loops_corners,
          minmay_hedge_maze, minmay_parallelograms, minmay_box_of_dots
D:2:      layout_loops_corners, moated_statue
D:3:      layout_rooms, kennysheep_generic_room_12
D:4:      layout_loops_ring, kennysheep_mini_moat, minmay_unequal
D:5:      layout_loops_ring, minmay_temple_entry_mist, portal_sewer_entry_e
D:6:      layout_rooms, uniq_crazy_yiuf_cottage
D:7:      layout_rooms
D:8:      layout_loops_corners, minmay_lair_entry_grove, uniq_prince_ribbit1,
          uniq_joseph
D:9:      gammafunk_boulding_lane, layout_rooms, trog_book
D:10:     layout_stronghold, david_orc_3, kennysheep_generic_room_5
Temple:   nicolae_temple_the_god_donut
Lair:1:   beast_lair_carwin_large_2, layout_loops_ring,
          cheibrodos_lair_lostbears, uniq_harold
Lair:2:   layout_loops_ring, hangedman_lair_unloving_vines, grunt_megastairs_4,
          lemuel_fruit_tree, serial_bayou_shore_a, uniq_erica
Lair:3:   layout_cellular_growth, spider_nest_entry_a, serial_bayou_pond_b
Lair:4:   layout_regular_city, skrybe_swamp_entry_bodies
Lair:5:   layout_long_grid, minmay_slime_entry_oklob_enclosed,
          gauntlet_entry_generic, lemuel_fruit_fields, grunt_megastairs_2
Orc:1:    layout_caves, basic_altar
Orc:2:    st_orc_town, layout_diamond_mine, serial_shops,
          nicolae_shop_competitors_out_of_business, uniq_maurice, uniq_snorg
Gauntlet: gammafunk_gauntlet_one_two_three [nicolae_gauntlet_arena_grate_2,
          nicolae_gauntlet_swirl, gammafunk_gauntlet_arena_hedges,
          gammafunk_gauntlet_arena_split_x,
          gammafunk_gauntlet_arena_split_diamond,
          gammafunk_gauntlet_arena_arrow_garden, nicolae_gauntlet_arena_t_cross,
          gammafunk_gauntlet_arena_grid, nicolae_gauntlet_arena_x,
          gauntlet_exit_spiral]

Skill      XL: |  1  2  3  4  5  6  7  8  9 10 11 12 13 |
---------------+----------------------------------------+-----
Armour         | 4 5 6 7 8 9 10 | 10.6
Axes           | 3 4 5 6 8 10 12 13 15 16 | 16.0
Shields        | 4 5 6 7 8 10 | 10.9
Fighting       | 4 5 6 7 9 10 12 | 12.5
Dodging        | 1 2 4 5 7 8 |  8.6
Invocations    | 2 3 5 6 7 8 |  8.5
Evocations     | 1 2 |  2.2

Action                   |  1- 3 |  4- 6 |  7- 9 | 10-12 | 13-15 || total
-------------------------+-------+-------+-------+-------+-------++-------
Melee: War axe           |   148 |    99 |   247 |   548 |   235 ||  1277
       Headbutt          |    23 |    14 |    41 |   127 |    65 ||   270
Throw: Boomerang         |       |     6 |     4 |     6 |     1 ||    17
       Throwing net      |       |       |       |     1 |       ||     1
Invok: Stomp             |       |       |     2 |     2 |     1 ||     5
       Line Pass         |       |       |     1 |     1 |       ||     2
Evoke: Wand              |       |       |     4 |    12 |     1 ||    17
  Use: Scroll            |       |     7 |    12 |     3 |     5 ||    27
       Potion            |       |     2 |     5 |     2 |     3 ||    12
 Stab: Paralysed         |       |       |    20 |    82 |    30 ||   132
       Invisible         |       |       |     2 |     3 |       ||     5
Armor: Scale mail        |    58 |    46 |    23 |       |       ||   127
       Plate armour      |       |       |    65 |   134 |    61 ||   260
Dodge: Dodged            |    29 |    46 |    57 |   187 |   104 ||   423
Block: Kite shield       |    65 |    72 |   141 |   314 |   119 ||   711

Table legend: (Time is in decaauts)
 A = Elapsed time spent in this place.
 B = Non-inter-level travel time spent in this place.
 C = Inter-level travel time spent in this place.
 D = Time resting spent in this place.
 E = Time spent auto-exploring this place.
 F = Levels seen in this place.
 G = Mean time per level.
                   A        B        C        D        E       F      G
               +--------+--------+--------+--------+--------+-----+--------+
         Total |  18309 |  17782 |    527 |   4921 |   9851 |  19 |  963.6 |
       Dungeon |  10886 |  10504 |    382 |   3041 |   5665 |  10 | 1088.6 |
        Temple |      8 |      8 |      0 |      0 |      0 |   1 |    8.0 |
          Lair |   5055 |   4984 |     71 |   1248 |   3126 |   5 | 1011.0 |
  Orcish Mines |   1758 |   1684 |     74 |    632 |    759 |   2 |  879.0 |
      Gauntlet |    601 |    601 |      0 |      0 |    301 |   1 |  601.0 |
               +--------+--------+--------+--------+--------+-----+--------+

Top non-repeatable levels by time:
  Lair:3: 2124 daAuts
    D:10: 1714 daAuts
   Orc:2: 1534 daAuts
     D:8: 1523 daAuts
  Lair:1: 1209 daAuts
     D:4: 1194 daAuts
     D:2: 1188 daAuts
     D:1: 1092 daAuts
     D:5: 970 daAuts
  Lair:4: 970 daAuts
     D:3: 927 daAuts
     D:7: 881 daAuts
     D:6: 801 daAuts
  Lair:2: 686 daAuts
Gauntlet: 601 daAuts
